 Dungeon Crawl Stone Soup version 0.18.1-6-gd335043 (webtiles) character file.

19088 kae the Fencer (level 12, -20/97 HPs)
             Began as a Minotaur Fighter on May 15, 2016.
             Was a High Priest of Makhleb.
             Demolished by Rupert
             ... wielding a +1 battleaxe of flaming
              (27 damage)
             ... on level 3 of the Lair of Beasts.
             The game lasted 00:20:44 (12931 turns).

kae the Fencer (Minotaur Fighter)                  Turns: 12931, Time: 00:20:45

Health: -20/97     AC:  9    Str: 22    XL:     12   Next: 33%
Magic:  0/16       EV: 10    Int:  7    God:    Makhleb [*****.]
Gold:   787        SH:  0    Dex: 15    Spells: 0 memorised, 11 levels left

rFire  . . .     SeeInvis .     q - +1 triple sword (freeze)
rCold  . . .     Gourm    .     x - +3 ring mail {rPois}
rNeg   + . .     Faith    .     (shield currently unavailable)
rPois  +         Spirit   +     (helmet restricted)
rElec  .         Dismiss  .     B - +0 cloak
rCorr  .         Reflect  .     (no gloves)
SustAt .         Harm     .     (no boots)
MR     .....                    g - amulet of guardian spirit
Stlth  ..........               s - ring of positive energy
                                v - +3 ring of dexterity

@: confused, flying, not resistant to hostile enchantments, extremely unstealthy
A: retaliatory headbutt, horns 2
a: Minor Destruction, Lesser Servant of Makhleb, Major Destruction, Greater
Servant of Makhleb, Renounce Religion


You were on level 3 of the Lair of Beasts.
You worshipped Makhleb.
Makhleb was extremely pleased with you.
You were not hungry.

You visited 3 branches of the dungeon, and saw 14 of its levels.
You also visited: Bailey.

You collected 787 gold pieces.

Inventory:

Hand Weapons
 a - a +0 long sword
 q - a +1 triple sword of freezing (weapon)
 u - a +1 great sword of pain
 y - a +1 scimitar of slicing
Armour
 c - a +0 shield
 x - a +3 ring mail of poison resistance (worn)
 B - a +0 cloak (worn)
Jewellery
 b - a cursed amulet of dismissal {unknown}
 g - an amulet of guardian spirit (around neck)
 n - an uncursed ring of protection from cold
 s - a ring of positive energy (right hand)
 v - a +3 ring of dexterity (left hand)
 E - a cursed ring of teleportation {unknown}
 I - an uncursed ring of stealth {unknown}
 K - a +5 ring of intelligence {unknown}
 L - an uncursed ring of ice {unknown}
 T - an uncursed ring of ice {unknown}
Wands
 k - a wand of iceblast (7/15)
 H - a wand of teleportation (4/9)
 M - a wand of lightning (6/15)
 N - a wand of acid (1/15)
 P - a wand of disintegration (14/24)
 S - a wand of iceblast (8/15)
Scrolls
 h - 2 scrolls of immolation
 m - 3 scrolls of recharging
 D - 3 scrolls of remove curse
 F - 3 scrolls of enchant armour
 G - 6 scrolls of identify
 O - a scroll of fog
Potions
 d - 2 potions of curing
 r - 2 potions of degeneration
 w - a potion of brilliance
 z - 2 potions of flight
 C - a potion of mutation
 U - a potion of might
 V - a potion of berserk rage
Books
 e - a book of Maledictions

   Spells                             Type                      Level
   a - Corona                         Hexes                        1
   b - Ensorcelled Hibernation        Hexes/Ice                    2
   c - Confuse                        Hexes                        3
   d - Tukima's Dance                 Hexes                        3
   e - Dazzling Spray                 Conjuration/Hexes            3
 Q - a book of Minor Magic

   Spells                             Type                      Level
   a - Magic Dart                     Conjuration                  1
   b - Blink                          Translocation                2
   c - Call Imp                       Summoning                    2
   d - Repel Missiles                 Charms/Air                   2
   e - Slow                           Hexes                        2
   f - Conjure Flame                  Conjuration/Fire             3
   g - Mephitic Cloud                 Conjuration/Poison/Air       3
Comestibles
 f - 8 bread rations
 i - 3 fruits
 l - 8 meat rations
 o - 10 slices of pizza
 t - a royal jelly
 A - 5 beef jerkies
 R - 3 chunks of flesh


   Skills:
 + Level 6.7 Fighting
 * Level 20.1 Long Blades
 - Level 3.6 Armour
 - Level 3.6 Shields
 - Level 7.1 Invocations


You had 11 spell levels left.
You didn't know any spells.

Dungeon Overview and Level Annotations

Branches:
Dungeon (10/15)            Temple (1/1) D:5            Lair (3/8) D:8
  Swamp: Lair:3-6    Shoals: Lair:3-6     Snake: Lair:3-6    Spider: Lair:3-6
    Orc: D:9-12

Altars:
Ashenzari
Cheibriados
Dithmenos
Elyvilon
Fedhas
Gozag
Kikubaaqudgha
Makhleb
Nemelex Xobeh
Okawaru
Pakellas
Qazlal
Ru
Sif Muna
Trog
Vehumet
Xom
Yredelemnul
Zin
The Shining One

Annotations:
Lair:3 Fannar, Rupert


Innate Abilities, Weirdness & Mutations

You reflexively headbutt those who attack you in melee.
You have a pair of horns on your head.


Message History

Rupert burns you.
Found a leather armour.
You feel less invigorated.
You feel less confused. Rupert closely misses you. You furiously retaliate!
You headbutt Rupert, but do no damage.
Read which item? (? for menu, Esc to quit)
Okay, then.
Drink which item? (? for menu, Esc to quit)
It was a potion of flight.
You feel very buoyant.
You fly up into the air.
Rupert hits you with a battleaxe of flaming!!
* * * LOW HITPOINT WARNING * * *
Rupert burns you. Rupert barely misses you.
Drink which item? (? for menu, Esc to quit)
You are confused.
You feel invigorated. Fannar barely misses you.
Rupert hits you with a battleaxe of flaming!!
You die...

.###P....#.....##..... ##
###.##........#P. [
###...#.#.†.#. ..
#..##......#.##.
#...........#..
###..#.........##
##...#..8.8..#...#
#.#..........e..#.. .
###....#...<...@@.+..>.
P....#....................
+..##....#.8.8.....#..8.#.
.# ###........#..#######
#............#
###.#....##..#
#...#.##..## #........##
(#......#


You could see Rupert (berserk) and Fannar.

Vanquished Creatures
  Erolcha (D:10)
  A hydra (Lair:3)
  An ogre mage (D:10)
  Pikel (D:9)
  3 orc knights (Bailey)
  A griffon (Lair:2)
  4 elephants (Lair:2)
  Joseph (D:10)
  Maurice (D:8)
  A black mamba (Lair:3)
  A gargoyle (D:10)
  2 spiny frogs
  2 kobold demonologists (Bailey)
  A troll (D:9)
  A two-headed ogre (D:10)
  Grinder (D:4)
  15 yaks
  3 basilisks
  A human (D:7)
  10 porcupines
  2 water moccasins
  3 ice beasts
  A black bear (D:9)
  2 sky beasts
  A necrophage (D:10)
  7 orc warriors
  4 slaves (D:9)
  A phantom (D:5)
  3 ogres
  4 wolves (Lair:1)
  3 centaurs
  4 crocodiles
  A big kobold (D:10)
  7 giant frogs
  Blork the orc (D:4)
  2 scorpions (D:7)
  10 killer bees
  3 wights (D:6)
  6 electric eels
  10 howler monkeys
  9 crimson imps
  2 centaur zombies
  2 giant frog zombies
  7 hounds
  4 jellies
  3 orc priests
  3 giant frog skeletons (D:10)
  10 orc wizards
  A gnoll shaman (D:8)
  7 iguanas
  10 worker ants
  10 sheep
  A hound zombie (D:6)
  A hound skeleton (D:5)
  A howler monkey zombie (D:7)
  2 worker ant zombies
  10 adders
  17 gnolls
  2 howler monkey skeletons
  3 shadow imps
  An ooze (D:3)
  4 worms
  A dart slug (D:3)
  4 giant geckos
  39 orcs
  A ball python (D:4)
  3 bats
  4 giant cockroaches
  13 goblins
  8 hobgoblins
  17 jackals
  7 kobolds
  A quokka (D:6)
  8 giant newts
  A quokka skeleton (D:8)
  12 rats
356 creatures vanquished.

Vanquished Creatures (collateral kills)
  An orc warrior (Bailey)
  A gnoll (Bailey)
  2 orcs (Bailey)
4 creatures vanquished.

Vanquished Creatures (others)
  A yak (D:7)
  A hound (D:9)
2 creatures vanquished.

Grand Total: 362 creatures vanquished

Notes
Turn   | Place    | Note
--------------------------------------------------------------
     0 | D:1      | kae the Minotaur Fighter began the quest for the Orb.
     0 | D:1      | Reached XP level 1. HP: 19/19 MP: 0/0
   293 | D:1      | Reached skill level 3 in Long Blades
   389 | D:1      | Reached XP level 2. HP: 24/26 MP: 1/1
   924 | D:2      | Reached skill level 4 in Long Blades
   934 | D:2      | Reached XP level 3. HP: 22/31 MP: 2/2
  1181 | D:2      | Reached skill level 5 in Long Blades
  1387 | D:3      | Reached XP level 4. HP: 36/39 MP: 3/3
  1424 | D:3      | Found an opulent altar of Gozag.
  1798 | D:3      | Found a glowing golden altar of the Shining One.
  1963 | D:3      | Reached skill level 6 in Long Blades
  2445 | D:3      | Reached XP level 5. HP: 24/45 MP: 1/4
  2712 | D:4      | Noticed Grinder
  2715 | D:4      | Paralysed by Grinder for 3 turns
  2731 | D:4      | Killed Grinder
  2731 | D:4      | Reached skill level 8 in Long Blades
  2731 | D:4      | Reached XP level 6. HP: 33/51 MP: 2/5
  2795 | D:4      | Found a sparkling altar of Nemelex Xobeh.
  2803 | D:4      | Found a deep blue altar of Sif Muna.
  3045 | D:4      | Noticed Blork the orc
  3402 | D:4      | Reached skill level 9 in Long Blades
  3514 | D:4      | Killed Blork the orc
  3514 | D:4      | Reached XP level 7. HP: 53/57 MP: 4/6
  3584 | D:5      | Entered Level 5 of the Dungeon
  3755 | D:5      | Reached skill level 10 in Long Blades
  4024 | D:5      | Reached skill level 11 in Long Blades
  4282 | D:5      | Reached XP level 8. HP: 64/64 MP: 7/7
  4325 | D:5      | Found a staircase to the Ecumenical Temple.
  4335 | Temple   | Entered the Ecumenical Temple
  4531 | Temple   | Became a worshipper of Makhleb the Destroyer
  4834 | D:5      | Found a bloodstained altar of Trog.
  5094 | D:6      | Reached skill level 12 in Long Blades
  5107 | D:6      | Found a white marble altar of Elyvilon.
  5183 | D:6      | Reached skill level 1 in Invocations
  5564 | D:6      | Found a glowing silver altar of Zin.
  5599 | D:6      | Reached * piety under Makhleb
  5637 | D:6      | Found a stormy altar of Qazlal.
  6049 | D:7      | Reached skill level 13 in Long Blades
  6074 | D:7      | Reached XP level 9. HP: 50/70 MP: 7/10
  6240 | D:7      | Reached ** piety under Makhleb
  6251 | D:7      | Found an oddly glowing altar of Pakellas.
  6251 | D:7      | Noticed an orange crystal statue
  6773 | D:8      | Found a staircase to the Lair.
  6807 | D:8      | Found a glowing silver altar of Zin.
  6874 | D:8      | Noticed Maurice
  6887 | D:8      | Killed Maurice
  6887 | D:8      | Reached skill level 14 in Long Blades
  6887 | D:8      | Reached skill level 5 in Invocations
  7217 | D:8      | Reached *** piety under Makhleb
  7234 | D:8      | Found a shadowy altar of Dithmenos.
  7262 | D:8      | Found a flagged portal.
  7268 | Bailey   | Entered a bailey
  7657 | Bailey   | Found an iron altar of Okawaru.
  7657 | Bailey   | Noticed a kobold demonologist
  7657 | Bailey   | Noticed a kobold demonologist
  7683 | Bailey   | Noticed a red devil
  7690 | Bailey   | Noticed a red devil
  7690 | Bailey   | Noticed a rust devil
  7692 | Bailey   | Noticed a hellwing
  7706 | Bailey   | Killed a kobold demonologist
  7706 | Bailey   | Reached XP level 10. HP: 47/77 MP: 6/13
  7718 | Bailey   | Reached skill level 15 in Long Blades
  7857 | Bailey   | Noticed an orc knight
  7920 | Bailey   | Killed an orc knight
  8192 | Bailey   | Noticed an orc knight
  8212 | Bailey   | Killed an orc knight
  8471 | Bailey   | Noticed an orc knight
  8534 | Bailey   | Killed an orc knight
  8935 | Bailey   | Reached skill level 16 in Long Blades
  9438 | D:8      | Reached **** piety under Makhleb
  9811 | D:9      | Noticed Pikel
  9819 | D:9      | Killed Pikel
  9825 | D:9      | Reached skill level 17 in Long Blades
  9880 | D:9      | Reached XP level 11. HP: 82/82 MP: 15/15
 10001 | D:9      | Found an ancient bone altar of Kikubaaqudgha.
 10064 | D:9      | Found a burning altar of Makhleb.
 10326 | D:10     | Entered Level 10 of the Dungeon
 10335 | D:10     | Noticed Joseph
 10350 | D:10     | Killed Joseph
 10372 | D:10     | Noticed Erolcha
 10376 | D:10     | Killed Erolcha
 10447 | D:10     | Noticed an ogre mage
 10452 | D:10     | Killed an ogre mage
 10452 | D:10     | Reached skill level 18 in Long Blades
 10653 | D:10     | Found an opulent altar of Gozag.
 10704 | D:10     | Found a large runed door.
 10704 | D:10     | Found a large runed door.
 10726 | D:10     | Reached ***** piety under Makhleb
 10865 | D:10     | Noticed a sphinx
 10866 | D:10     | Paralysed by a sphinx for 3 turns
 10875 | D:10     | HP: 3/82 [sphinx (6)]
 11398 | Lair:1   | Entered Level 1 of the Lair of Beasts
 11578 | Lair:1   | Reached skill level 19 in Long Blades
 12185 | Lair:2   | Reached skill level 5 in Fighting
 12194 | Lair:2   | Reached XP level 12. HP: 74/94 MP: 6/16
 12729 | Lair:2   | You fall through a shaft!
 12743 | Lair:3   | Reached skill level 20 in Long Blades
 12756 | Lair:3   | Noticed a four-headed hydra
 12762 | Lair:3   | Killed an eight-headed hydra
 12853 | Lair:3   | Noticed a four-headed hydra
 12854 | Lair:3   | Noticed Fannar
 12855 | Lair:3   | Noticed a six-headed hydra
 12860 | Lair:3   | Noticed Rupert
 12930 | Lair:3   | HP: 2/97 [Rupert/battleaxe of flaming (11)]
 12931 | Lair:3   | Demolished by Rupert

Skill      XL: |  1  2  3  4  5  6  7  8  9 10 11 12 |
---------------+-------------------------------------+-----
Long Blades    | 3 4 5 6 8 9 11 13 14 17 19 20 | 20.1
Invocations    | 3 5 7 |  7.1
Fighting       | 5 6 |  6.7
Armour         | |  3.6
Shields        | |  3.6

Action                   |  1- 3 |  4- 6 |  7- 9 | 10-12 || total
-------------------------+-------+-------+-------+-------++-------
Melee: Long sword        |    78 |   105 |   536 |   197 ||   916
       Headbutt          |    10 |    23 |    98 |    93 ||   224
       Triple sword      |       |       |       |   333 ||   333
Invok: Lesser Servant of |       |       |     1 |     4 ||     5
Evoke: Wand              |       |       |     2 |       ||     2
  Use: Scroll            |     5 |     4 |    10 |     8 ||    27
       Potion            |       |     5 |     4 |    10 ||    19
  Eat: Chunk             |     1 |     6 |    15 |     8 ||    30
       Bread ration      |       |       |       |     2 ||     2
       Beef jerky        |       |       |       |     1 ||     1
Armor: Scale mail        |    29 |    39 |    63 |       ||   131
       Ring mail         |       |       |    70 |   155 ||   225
       Skin              |       |       |    38 |    43 ||    81
Dodge: Dodged            |    20 |    23 |   115 |   211 ||   369
Block: Shield            |    33 |    54 |   212 |    95 ||   394
